 Dungeon Crawl Stone Soup version 0.30-a0-6-g7c9e10e132 (webtiles) character file.

Game seed: 14453483645735728081

1386 SensoryNuts the Chopper (level 8, -7/69 HPs)
             Began as a Red Draconian Fighter on Aug 22, 2022.
             Mangled by a hornet (8 damage)
             ... while paralysed by a hornet
             ... on level 7 of the Dungeon.
             The game lasted 00:05:56 (7465 turns).

SensoryNuts the Chopper (Red Draconian Fighter)     Turns: 7465, Time: 00:05:57

Health: -7/69      AC:  8    Str: 22    XL:     8   Next: 40%
Magic:  8/8        EV:  2    Int:  8    God:
Gold:   366        SH:  0    Dex: 10    Spells: 7/7 levels left

rFire   + . .      SeeInvis +    a - +1 war axe (vorpal)
rCold   . . .      Faith    .    b - +0 buckler
rNeg    . . .      Spirit   .    (body armour unavailable)
rPois   .          Reflect  .    (helmet restricted)
rElec   .          Harm     .    e - +1 cloak {Stlth+}
rCorr   .          Rampage  .    (no gloves)
Will    .....                    (no boots)
Stlth   +++.......               (no amulet)
HPRegen 0.21/turn                (no ring)
MPRegen 0.11/turn                (no ring)

@: paralysed, lethally poisoned (-7 -> -14), flying
A: breathe fire, AC +6, unfitting armour, fire resistance 1, cold-blooded, big
wings, beak, see invisible
a: Breathe Fire


You were on level 7 of the Dungeon.
You visited 2 branches of the dungeon, and saw 8 of its levels.

You collected 366 gold pieces.

Inventory:

Hand Weapons
 a - a +1 vorpal war axe (weapon)
Armour
 b - a +0 buckler (worn)
 e - a +1 cloak of stealth (worn)
Jewellery
 g - a +6 ring of dexterity
 j - a ring of protection from cold
Wands
 h - a wand of digging (6)
Scrolls
 d - a scroll of enchant armour {unknown}
 f - 2 scrolls of amnesia
 l - a scroll of vulnerability
 m - 3 scrolls of teleportation
Potions
 c - a potion of flight
 i - a potion of magic {unknown}
 n - a potion of mutation
 o - 3 potions of lignification


   Skills:
 + Level 5.4 Fighting
 + Level 7.5 Axes
 + Level 4.5 Dodging
 + Level 3.9 Stealth
 + Level 3.7 Shields


You had 7 spell levels left.
You didn't know any spells.
Your spell library contained the following spells:

 Spells                   Type           Power      Damage    Failure   Level
 Apportation              Tloc           0%         N/A       50%         1
 Necrotise                Necr           0%         1d4       50%         1
 Summon Small Mammal      Summ           0%         N/A       50%         1
 Call Canine Familiar     Summ           0%         N/A       86%         3
 Portal Projectile        Hex/Tloc       0%         N/A       86%         3
 Summon Guardian Golem    Hex/Summ       0%         N/A       86%         3
 Leda's Liquefaction      Hex/Erth       0%         N/A       99%         4


Dungeon Overview and Level Annotations

Branches:
Dungeon (7/15)             Temple (1/1) D:5

Altars:
Cheibriados
Dithmenos
Elyvilon
Fedhas
Hepliaklqana
Kikubaaqudgha
Nemelex Xobeh
Okawaru
Qazlal
Ru
Sif Muna
Trog
Uskayaw
Vehumet
Wu Jian
Yredelemnul
Zin
The Shining One


Innate Abilities, Weirdness & Mutations

You can breathe blasts of fire.
Your fiery red scales are hard. (AC +6)
You cannot fit into any form of body armour.
Your flesh is heat resistant. (rF+)
You are cold-blooded and may be slowed by cold attacks.
Your large and strong wings let you fly.
You have a beak for a mouth.
You have supernaturally acute eyesight. (SInv)


Message History

The hornet completely misses you.
The hornet stings you but does no damage.
You feel very sick.
The hornet stings you but does no damage.
You can move again.
You miss the hornet.
You feel sick. The hornet stings you.
You feel yourself slow down. The hornet stings you!
You feel as though you will be slow longer.
Unknown command.
You hit the hornet. You peck the hornet, but do no damage.
You tail-slap the hornet.
The hornet is lightly wounded.
You feel very sick. The hornet barely misses you.
The hornet closely misses you. x2
You slash the hornet!
Your tail-slap misses the hornet.
The hornet is heavily wounded.
You feel yourself speed up.
You feel sick. The hornet stings you!
* * * LOW HITPOINT WARNING * * *
You feel yourself slow down. The hornet barely misses you.
Unknown command.
You hit the hornet but do no damage.
You tail-slap the hornet, but do no damage.
The hornet is heavily wounded.
You feel yourself speed up.
You feel sick. The hornet barely misses you.
The hornet stings you but does no damage.
The hornet misses you.
Aiming: Breathe Fire (4% risk of failure)
Press: ? - help, Shift-Dir - straight line, f - hornet
Aim: a hornet (heavily wounded, 52% to hit)
You fail to use your ability.
You feel sick. The hornet stings you.
* * * LOW HITPOINT WARNING * * *
You are lethally poisoned!
You suddenly lose the ability to move!
* * * LOW HITPOINT WARNING * * *
You feel sick. The hornet stings you.
* * * LOW HITPOINT WARNING * * *
You shrug off the repeated paralysis!
The hornet stings you!
You die...

................
...<...................#
.......................#
.......................#
.......................#
.......................+
.......................#
.).....................#
.)).............@y.....#
#'####'########'#.......
#..........#....#.......
#..........'....#..(....
#..........#....#.......
#..........#....+.......
#..........#....#.......
#..........#....#.......
#################


You could see a hornet.

Vanquished Creatures
  Edmund (D:5)
  A water moccasin (D:6)
  2 ice beasts
  An ogre (D:5)
  A centaur (D:6)
  3 scorpions (D:6)
  A howler monkey (D:6)
  Crazy Yiuf (D:2)
  4 orc priests
  4 iguanas
  5 orc wizards
  Robin (D:2)
  8 adders
  3 river rats (D:4)
  A white imp (D:6)
  2 dart slugs
  18 orcs
  9 ball pythons
  7 bats
  8 endoplasms
  9 giant cockroaches
  14 goblins
  9 hobgoblins
  8 jackals
  A kobold (D:4)
  2 quokkas
  2 frilled lizards
  6 rats
132 creatures vanquished.

Notes
Turn   | Place    | Note
-------+----------+-------------------------------------------
     0 | D:1      | SensoryNuts the Draconian Fighter began the quest for the
                  | Orb.
     0 | D:1      | Reached XP level 1. HP: 19/19 MP: 1/1
   225 | D:1      | Reached XP level 2. HP: 26/26 MP: 2/2
   319 | D:1      | Found a faded altar of an unknown god.
   747 | D:1      | Reached XP level 3. HP: 25/31 MP: 3/3
  1295 | D:2      | Gained mutation: You have hidden genetic defects. [potion
                  | of mutation]
  1295 | D:2      | Gained mutation: You have a beak for a mouth. [potion of
                  | mutation]
  1300 | D:2      | HP: 1/33 [poisoned by an adder]
  1916 | D:2      | Gained mutation: You occasionally shout uncontrollably at
                  | your foes. [hidden defects]
  1953 | D:2      | Lost mutation: You have hidden genetic defects. [potion of
                  | mutation]
  1953 | D:2      | Lost mutation: You occasionally shout uncontrollably at
                  | your foes. [potion of mutation]
  1953 | D:2      | Gained mutation: Your large and strong wings let you fly.
                  | [potion of mutation]
  1953 | D:2      | Gained mutation: You have supernaturally acute eyesight.
                  | (SInv) [potion of mutation]
  1956 | D:2      | Noticed Robin
  1966 | D:2      | Reached skill level 3 in Axes
  1966 | D:2      | Reached XP level 4. HP: 36/40 MP: 4/4
  1967 | D:2      | Killed Robin
  2277 | D:2      | Found the +6 shillelagh "Devastator" {shatter}
  2288 | D:2      | Found a runed translucent door.
  2289 | D:2      | Noticed Crazy Yiuf
  2573 | D:2      | Killed Crazy Yiuf
  2874 | D:3      | Reached XP level 5. HP: 46/46 MP: 5/5
  3180 | D:3      | Found a blossoming altar of Fedhas.
  3520 | D:4      | Reached skill level 1 in Stealth
  3950 | D:4      | Found a shimmering blue altar of Sif Muna.
  3952 | D:4      | Found a sparkling altar of Nemelex Xobeh.
  3952 | D:4      | Found a hazy altar of Hepliaklqana.
  3952 | D:4      | Found a radiant altar of Vehumet.
  3952 | D:4      | Found a snail-covered altar of Cheibriados.
  3953 | D:4      | Found a stormy altar of Qazlal.
  3953 | D:4      | Found an ornate altar of the Wu Jian Council.
  4224 | D:4      | Reached skill level 4 in Axes
  4229 | D:4      | Reached XP level 6. HP: 44/52 MP: 6/6
  4734 | D:5      | Entered Level 5 of the Dungeon
  4890 | D:5      | Noticed Edmund
  4900 | D:5      | Killed Edmund
  4901 | D:5      | Reached skill level 5 in Axes
  4901 | D:5      | Your scales start taking on a fiery red colour.
  4901 | D:5      | Reached XP level 7. HP: 55/59 MP: 7/7
  4901 | D:5      | Gained mutation: Your flesh is heat resistant. (rF+) [Red
                  | Draconian growth]
  5284 | D:5      | Found a staircase to the Ecumenical Temple.
  5343 | D:5      | Found a basalt altar of Yredelemnul.
  5394 | Temple   | Entered the Ecumenical Temple
  6057 | D:6      | Reached skill level 6 in Axes
  6359 | D:6      | Reached skill level 5 in Fighting
  6359 | D:6      | Reached XP level 8. HP: 17/68 MP: 8/8
  6663 | D:6      | Reached skill level 7 in Axes
  7453 | D:7      | Noticed a hornet
  7457 | D:7      | Paralysed by a hornet for 3 turns
  7464 | D:7      | Paralysed by a hornet for 2 turns
  7465 | D:7      | HP: 1/69 [hornet (6)]
  7465 | D:7      | Mangled by a hornet

Illustrated notes

Levels and vault maps discovered:
D:1:      matt_arrival_grand_opening, layout_basic,
          shapermc_ecumenical_altar_mp_ritualfount
D:2:      layout_loops_ring, uniq_robin, uniq_crazy_yiuf_cottage
D:3:      layout_basic, mainiacjoe_overflow_alcove_1
D:4:      layout_loops_ring, grunt_temple_overflow_open, portal_sewer_entry_e
D:5:      layout_cave_pools, kennysheep_mini_moat, temple_statues,
          kennysheep_cross_room, uniq_edmund
D:6:      layout_basic
D:7:      layout_gridville, uniq_menkaure, uniq_joseph
Temple:   kb_temple_of_zot

Skill      XL: |  1  2  3  4  5  6  7  8 |
---------------+-------------------------+-----
Dodging        | 3 4 |  4.5
Axes           | 3 4 5 6 7 |  7.5
Stealth        | 2 3 |  3.9
Fighting       | 4 5 |  5.4
Shields        | |  3.7

Action                   |  1- 3 |  4- 6 |  7- 9 || total
-------------------------+-------+-------+-------++-------
Melee: War axe           |   109 |   159 |    85 ||   353
       Tailslap          |     8 |    16 |    10 ||    34
       Peck              |     4 |    14 |    18 ||    36
  Use: Scroll            |     5 |     5 |     1 ||    11
       Potion            |     3 |    10 |     2 ||    15
 Stab: Sleeping          |     2 |    10 |     5 ||    17
Armor: Skin              |    43 |    61 |    29 ||   133
Dodge: Dodged            |    86 |   116 |    45 ||   247
Block: Buckler           |    26 |    31 |    13 ||    70

Table legend: (Time is in decaauts)
 A = Elapsed time spent in this place.
 B = Non-inter-level travel time spent in this place.
 C = Inter-level travel time spent in this place.
 D = Time resting spent in this place.
 E = Time spent auto-exploring this place.
 F = Levels seen in this place.
 G = Mean time per level.
                   A        B        C        D        E       F      G
               +--------+--------+--------+--------+--------+-----+--------+
         Total |   7589 |   7003 |    586 |    183 |   5837 |   8 |  948.6 |
       Dungeon |   7442 |   6907 |    535 |    183 |   5754 |   7 | 1063.1 |
        Temple |    147 |     96 |     51 |      0 |     83 |   1 |  147.0 |
               +--------+--------+--------+--------+--------+-----+--------+

Top non-repeatable levels by time:
     D:1: 1630 daAuts
     D:6: 1441 daAuts
     D:4: 1257 daAuts
     D:2: 1132 daAuts
     D:5: 944 daAuts
     D:3: 812 daAuts
     D:7: 222 daAuts
  Temple: 147 daAuts
